Gangsters vs Patriotes
Created - February 25, 2019 at 20:50
Goals
|
| Gangsters |
2 |
1 |
1 |
4 |
| Patriotes |
2 |
0 |
0 |
2 |
|
Shots
|
| Gangsters |
13 |
6 |
12 |
31 |
| Patriotes |
17 |
7 |
6 |
30 |
|
1st period
1. Patriotes , Christian Hanson 21 (Aaron Ness 8, Jason Zucker 51) at 4:55
2. Gangsters , Maxime Sauvé 39 (Dave Dziurzynski 44, Richard Panik 33) at 9:13 (PP)
3. Gangsters , Alexander Wennberg 22 (Stefan Noesen 14, Ryan Culkin 3) at 12:20
4. Patriotes , Jason Zucker 47 (Tyler Randell 37, Christian Hanson 50) at 17:21
Penalties :
Christian Hanson (Nyc) for Roughing (Minor) at 9:02
2nd period
5. Gangsters , Maxime Sauvé 40 (Richard Panik 34) at 0:46
Penalties :
Alexander Wennberg (Bro) for Interference (Minor) at 4:34
3rd period
6. Gangsters , Maxime Sauvé 41 (Dave Dziurzynski 45) at 15:12
Penalties :
Matt Delahey (Bro) for Delaying the game (Minor) at 6:10, Justin Florek (Nyc) for Cross-checking (Minor) at 17:43
Goalie Stats
Dustin Tokarski (Bro), 28 saves from 30 shots - (0.933), W, 17-21-3, 60:00 minutes
Thomas Greiss (Nyc), 27 saves from 31 shots - (0.871), L, 16-17-1, 60:00 minutes
Players Stats for Gangsters
Player Name G A P +/- PIM S H SB GA TA FO MP PP MP PK MP
------------------------------------------------------------------------------------
Alexander Wennberg 1 0 1 0 2 4 1 1 1 0 3/7 12:59 0:00 0:00
Artturi Lehkonen 0 0 0 0 0 0 0 0 0 0 0/0 8:38 0:00 0:00
Brett Ponich 0 0 0 1 0 2 3 5 0 0 0/0 26:26 1:24 1:52
Dave Dziurzynski 0 2 2 1 0 3 2 2 2 0 1/1 20:40 1:14 1:04
David Pope 0 0 0 0 0 0 0 0 1 0 0/0 14:48 0:56 0:00
Derrick Pouliot 0 0 0 -1 0 0 1 0 0 1 0/0 19:58 0:46 2:06
Devante Smith-Pelly 0 0 0 0 0 6 3 0 0 0 0/0 14:48 0:56 0:00
Jonas Brodin 0 0 0 -1 0 0 0 0 0 1 0/0 19:39 0:46 1:58
Matt Delahey 0 0 0 1 2 0 1 5 0 0 0/0 25:54 1:24 1:00
Maxime Sauvé 3 0 3 1 0 8 1 0 1 0 17/33 21:31 1:14 2:20
Phillip Danault 0 0 0 0 0 0 1 0 0 0 0/0 13:30 0:00 0:34
Richard Panik 0 2 2 1 0 2 2 1 0 0 0/2 21:31 1:14 2:20
Ryan Culkin 0 1 1 1 0 0 0 0 0 1 0/0 14:15 0:00 0:24
Sebastian Collberg 0 0 0 0 0 0 1 2 0 0 0/0 8:38 0:00 0:00
Seth Griffith 0 0 0 0 0 2 0 0 1 0 0/1 9:18 0:00 0:31
Stefan Noesen 0 1 1 0 0 1 1 0 1 0 1/1 12:55 0:00 0:00
Steven Santini 0 0 0 1 0 1 1 0 0 0 0/0 14:12 0:00 0:36
Tomas Hertl 0 0 0 0 0 2 3 2 1 0 7/15 16:20 0:56 1:07
Players Stats for Patriotes
Player Name G A P +/- PIM S H SB GA TA FO MP PP MP PK MP
------------------------------------------------------------------------------------
Aaron Ness 0 1 1 2 0 5 3 3 0 0 0/0 18:52 1:40 1:01
Aleksander Barkov 0 0 0 0 0 2 0 0 1 0 2/3 12:11 0:00 0:00
Austin Watson 0 0 0 -1 0 1 1 0 0 0 0/0 10:04 0:00 0:22
Borna Rendulic 0 0 0 0 0 2 1 0 0 0 0/0 12:11 0:00 0:00
Christian Hanson 1 1 2 0 2 3 1 3 0 1 12/28 20:03 2:19 0:27
Dale Weise 0 0 0 -1 0 0 3 0 0 0 0/0 9:40 0:00 0:00
David Kolomatis 0 0 0 2 0 0 0 2 0 1 0/0 16:47 1:40 0:11
Dillon Heatherington 0 0 0 0 0 0 0 0 0 0 0/0 14:05 0:00 0:50
Emerson Etem 0 0 0 0 0 0 2 0 0 1 1/1 16:20 1:39 0:00
Evgeny Kuznetsov 0 0 0 0 0 2 1 0 0 0 7/12 15:06 1:39 0:00
Jared Knight 0 0 0 -1 0 0 0 1 0 1 3/5 9:40 0:00 0:00
Jason Zucker 1 1 2 0 0 5 1 0 1 0 1/4 20:48 2:19 1:21
Justin Florek 0 0 0 0 2 0 2 0 0 1 0/0 12:12 0:00 0:00
Mario Lucia 0 0 0 0 0 0 0 0 0 0 0/0 0:00 0:00 0:00
Matt Calvert 0 0 0 0 0 2 1 1 1 0 1/1 16:47 1:39 0:27
Maxim Mamin 0 0 0 0 0 0 0 0 0 0 0/0 0:00 0:00 0:00
Riley Barber 0 0 0 0 0 0 0 0 0 0 0/0 0:00 0:00 0:00
Robert Baillargeon 0 0 0 0 0 0 0 0 0 0 0/0 0:27 0:00 0:25
Ryan Fitzgerald 0 0 0 0 0 0 0 0 0 0 2/2 1:29 0:00 0:00
Shane Sims 0 0 0 -3 0 3 3 0 0 1 0/0 28:15 2:18 1:09
Shea Theodore 0 0 0 0 0 0 0 0 0 1 0/0 13:46 0:00 0:00
Timothy Kunes 0 0 0 -3 0 4 0 2 0 1 0/0 28:14 2:18 1:09
Tyler Randell 0 1 1 0 0 1 1 1 0 0 2/4 20:50 2:19 1:18
3 Stars
1 - Maxime Sauvé (Bro)
2 - Dave Dziurzynski (Bro)
3 - Richard Panik (Bro)
Power Play
Gangsters - 1 on 3 Attempt(s) - 33.33%
Patriotes - 0 on 1 Attempt(s) - 0.00%
Penalty Kill
Gangsters - 1 on 1 Attempt(s) - 100.00%
- Score 0 goal in Penalty Kill
Patriotes - 2 on 3 Attempt(s) - 66.67%
- Score 0 goal in Penalty Kill
Team Stat
Gangsters - Hits : 21 - Faceoff Wins : 29 - Blocked Shots : 18 - Penalty Minutes : 4
Patriotes - Hits : 20 - Faceoff Wins : 31 - Blocked Shots : 13 - Penalty Minutes : 4
Official
Referees : Unknown
Linesman : Unknown
Game Notes
3:35 of 3rd period - Penalty Shot by Timothy Kunes for Patriotes - Stopped by Dustin Tokarski
Evgeny Kuznetsov is injured at 14:13 of 3rd period (Groin)
David Kolomatis is injured at 15:06 of 3rd period (Broken Right Thumb)
Maxime Sauvé has scored a Hat Trick!
Finance
Level 1 -- Attendance: 1627 (81.35%) -- Ticket Income $65,080
Level 2 -- Attendance: 722 (72.20%) -- Ticket Income $14,440
Total Attendance: 2349 (78.30%)
Total Ticket Income: $79,520
Other Income: $3,976
Total Income: $83,496
Gangsters
5 vs 5 Forward
Center Left Wing Right Wing Time % Phy DF OF
1 Maxime Sauvé Dave Dziurzynski Richard Panik 40 1 2 2
2 Tomas Hertl David Pope Devante Smith-Pelly 30 1 2 2
3 Alexander Wennberg Phillip Danault Stefan Noesen 20 1 2 2
4 Seth Griffith Artturi Lehkonen Sebastian Collberg 10 1 2 2
5 vs 5 Defense
Defense Defense Time % Phy DF OF
1 Matt Delahey Brett Ponich 40 1 2 2
2 Jonas Brodin Derrick Pouliot 30 1 2 2
3 Ryan Culkin Steven Santini 20 1 2 2
4 Matt Delahey Brett Ponich 10 1 2 2
PowerPlay Forward
Center Left Wing Right Wing Time % Phy DF OF
1 Maxime Sauvé Dave Dziurzynski Richard Panik 60 1 2 2
2 Tomas Hertl David Pope Devante Smith-Pelly 40 1 2 2
PowerPlay Defense
Defense Defense Time % Phy DF OF
1 Matt Delahey Brett Ponich 60 1 2 2
2 Jonas Brodin Derrick Pouliot 40 1 2 2
Penalty Kill 4 Players Forward
Center Wing Time % Phy DF OF
1 Maxime Sauvé Richard Panik 60 1 2 2
2 Tomas Hertl Dave Dziurzynski 40 1 2 2
Penalty Kill 4 Players Defense
Defense Defense Time % Phy DF OF
1 Matt Delahey Brett Ponich 60 1 2 2
2 Jonas Brodin Derrick Pouliot 40 1 2 2
Penalty Kill - 3 Players Forward
Forward Time % Phy DF OF
1 Maxime Sauvé 60 1 2 2
2 Richard Panik 40 1 2 2
Penalty Kill - 3 Players Defense
Defense Defense Time % Phy DF OF
1 Matt Delahey Brett Ponich 60 1 2 2
2 Jonas Brodin Derrick Pouliot 40 1 2 2
4 vs 4 Forward
Center Wing Time % Phy DF OF
1 Maxime Sauvé Richard Panik 60 1 2 2
2 Tomas Hertl Dave Dziurzynski 40 1 2 2
4 vs 4 Defense
Defense Defense Time % Phy DF OF
1 Matt Delahey Brett Ponich 60 1 2 2
2 Jonas Brodin Derrick Pouliot 40 1 2 2
Last Minutes Offensive
Center Left Wing Right Wing Defense Defense
Maxime Sauvé Dave Dziurzynski Richard Panik Matt Delahey Brett Ponich
Last Minutes Defensive
Center Left Wing Right Wing Defense Defense
Maxime Sauvé Dave Dziurzynski Richard Panik Matt Delahey Brett Ponich
Goaltenders
Starting : Dustin Tokarski
Backup : Mike Condon
Extra Forwards
Normal : Alexander Wennberg, Stefan Noesen, Seth Griffith - PP : Alexander Wennberg, Stefan Noesen - PK : Seth Griffith
Extra Defensemen
Normal : Ryan Culkin, Steven Santini, Jonas Brodin - PP : Ryan Culkin - PK : Steven Santini, Jonas Brodin
Penalty Shots
Maxime Sauvé, Richard Panik, Tomas Hertl, Dave Dziurzynski, Devante Smith-Pelly
Scratches
Kevin Roy (Healthy), Jordan Subban (Healthy), Austen Brassard (Healthy), Morgan Ellis (Bruised Right Arm Injury), Jordan Binnington (Healthy)
Patriotes
5 vs 5 Forward
Center Left Wing Right Wing Time % Phy DF OF
1 Christian Hanson Jason Zucker Tyler Randell 40 1 2 2
2 Evgeny Kuznetsov Matt Calvert Emerson Etem 30 1 2 2
3 Aleksander Barkov Justin Florek Borna Rendulic 20 1 2 2
4 Jared Knight Austin Watson Dale Weise 10 1 2 2
5 vs 5 Defense
Defense Defense Time % Phy DF OF
1 Timothy Kunes Shane Sims 40 1 2 2
2 David Kolomatis Aaron Ness 30 1 2 2
3 Shea Theodore Dillon Heatherington 20 1 2 2
4 Timothy Kunes Shane Sims 10 1 2 2
PowerPlay Forward
Center Left Wing Right Wing Time % Phy DF OF
1 Christian Hanson Jason Zucker Tyler Randell 60 1 2 2
2 Evgeny Kuznetsov Matt Calvert Emerson Etem 40 1 2 2
PowerPlay Defense
Defense Defense Time % Phy DF OF
1 Timothy Kunes Shane Sims 60 1 2 2
2 David Kolomatis Aaron Ness 40 1 2 2
Penalty Kill 4 Players Forward
Center Wing Time % Phy DF OF
1 Jason Zucker Tyler Randell 60 1 2 2
2 Matt Calvert Christian Hanson 40 1 2 2
Penalty Kill 4 Players Defense
Defense Defense Time % Phy DF OF
1 Timothy Kunes Shane Sims 60 1 2 2
2 David Kolomatis Aaron Ness 40 1 2 2
Penalty Kill - 3 Players Forward
Forward Time % Phy DF OF
1 Jason Zucker 60 1 2 2
2 Tyler Randell 40 1 2 2
Penalty Kill - 3 Players Defense
Defense Defense Time % Phy DF OF
1 Timothy Kunes Shane Sims 60 1 2 2
2 David Kolomatis Aaron Ness 40 1 2 2
4 vs 4 Forward
Center Wing Time % Phy DF OF
1 Jason Zucker Tyler Randell 60 1 2 2
2 Matt Calvert Christian Hanson 40 1 2 2
4 vs 4 Defense
Defense Defense Time % Phy DF OF
1 Timothy Kunes Shane Sims 60 1 2 2
2 David Kolomatis Aaron Ness 40 1 2 2
Last Minutes Offensive
Center Left Wing Right Wing Defense Defense
Christian Hanson Jason Zucker Tyler Randell Timothy Kunes Shane Sims
Last Minutes Defensive
Center Left Wing Right Wing Defense Defense
Christian Hanson Jason Zucker Tyler Randell Timothy Kunes Shane Sims
Goaltenders
Starting : Thomas Greiss
Backup : Andrei Vasilevskiy
Extra Forwards
Normal : Ryan Fitzgerald, Riley Barber, Robert Baillargeon - PP : Ryan Fitzgerald, Riley Barber - PK : Robert Baillargeon
Extra Defensemen
Normal : Shea Theodore, Dillon Heatherington, David Kolomatis - PP : Shea Theodore - PK : Dillon Heatherington, David Kolomatis
Penalty Shots
Jason Zucker, Tyler Randell, Matt Calvert, Christian Hanson, Evgeny Kuznetsov
Scratches
Anthony Bitetto (Concussion Injury), Phoenix Copley (Healthy)
% Time on Ice - Gangsters
Lines # - Real PCT - Wanted PCT - Time Play
Normal Forward
1 - 34% - 40% - 18:06
2 - 27% - 30% - 14:17
3 - 24% - 20% - 12:51
4 - 16% - 10% - 8:38
Normal Defense
1 - 38% - 40% - 20:34
2 - 30% - 30% - 16:19
3 - 25% - 20% - 13:36
4 - 6% - 10% - 3:23
PP Forward
1 - 57% - 60% - 1:14
2 - 43% - 40% - 0:56
PP Defense
1 - 65% - 60% - 1:24
2 - 35% - 40% - 0:46
PK Forward
1 - 73% - 60% - 2:54
2 - 27% - 40% - 1:04
PK Defense
1 - 57% - 60% - 2:16
2 - 43% - 40% - 1:42
PK3 Forward
1 - 0% - 60%
2 - 0% - 40%
PK3 Defense
1 - 0% - 60%
2 - 0% - 40%
44 Forward
1 - 0% - 60%
2 - 0% - 40%
44 Defense
1 - 0% - 60%
2 - 0% - 40%
Last Minute Offensive - 0:00
Last Minute Defensive - 0:00
Total
Forward - 60:00
Defense - 60:00
|
% Time on Ice - Patriotes
Lines # - Real PCT - Wanted PCT - Time Play
Normal Forward
1 - 32% - 40% - 17:20
2 - 27% - 30% - 14:41
3 - 23% - 20% - 12:11
4 - 18% - 10% - 9:40
Normal Defense
1 - 39% - 40% - 21:15
2 - 30% - 30% - 16:11
3 - 24% - 20% - 12:53
4 - 7% - 10% - 3:33
PP Forward
1 - 58% - 60% - 2:19
2 - 42% - 40% - 1:39
PP Defense
1 - 58% - 60% - 2:18
2 - 42% - 40% - 1:40
PK Forward
1 - 79% - 60% - 1:43
2 - 21% - 40% - 0:27
PK Defense
1 - 53% - 60% - 1:09
2 - 47% - 40% - 1:01
PK3 Forward
1 - 0% - 60%
2 - 0% - 40%
PK3 Defense
1 - 0% - 60%
2 - 0% - 40%
44 Forward
1 - 0% - 60%
2 - 0% - 40%
44 Defense
1 - 0% - 60%
2 - 0% - 40%
Last Minute Offensive - 0:00
Last Minute Defensive - 0:00
Total
Forward - 60:00
Defense - 60:00
|
Play-by-Play
1st period
0:01 of 1st period - Christian Hanson wins face-off versus Maxime Sauvé in neutral zone.
0:08 of 1st period - Snap shot by Jason Zucker.
0:08 of 1st period - Stopped by Dustin Tokarski with a rebound.
0:10 of 1st period - Slapshot by Timothy Kunes.
0:10 of 1st period - Deflect By Jason Zucker.
0:10 of 1st period - Stopped by Dustin Tokarski without a rebound.
0:11 of 1st period - Tomas Hertl wins face-off versus Evgeny Kuznetsov in Gangsters zone.
0:11 of 1st period - Tomas Hertl is hit by Aaron Ness.
0:27 of 1st period - Snap shot by Tomas Hertl.
0:27 of 1st period - Shot Misses the Net.
0:37 of 1st period - Derrick Pouliot is hit by Aaron Ness and loses puck.
0:58 of 1st period - Snap shot by Maxime Sauvé.
0:58 of 1st period - Stopped by Thomas Greiss with a rebound.
1:00 of 1st period - Wrist shot by Dave Dziurzynski.
1:00 of 1st period - Stopped by Thomas Greiss with a rebound.
1:06 of 1st period - Snap shot by Maxime Sauvé.
1:06 of 1st period - Shot Misses the Net.
1:08 of 1st period - Slapshot by Derrick Pouliot.
1:08 of 1st period - Shot Misses the Net.
1:19 of 1st period - Off-side.
1:20 of 1st period - Jared Knight wins face-off versus Seth Griffith in neutral zone.
1:25 of 1st period - Slapshot by Timothy Kunes.
1:25 of 1st period - Deflect By Matt Delahey.
1:25 of 1st period - Stopped by Dustin Tokarski without a rebound.
1:26 of 1st period - Evgeny Kuznetsov wins face-off versus Tomas Hertl in Gangsters zone.
1:31 of 1st period - Snap shot by Matt Calvert.
1:31 of 1st period - Stopped by Dustin Tokarski without a rebound.
1:32 of 1st period - Evgeny Kuznetsov wins face-off versus Tomas Hertl in Gangsters zone.
1:35 of 1st period - Wrist shot by Evgeny Kuznetsov.
1:35 of 1st period - Stopped by Dustin Tokarski with a rebound.
1:43 of 1st period - Evgeny Kuznetsov is hit by Devante Smith-Pelly and loses puck.
2:45 of 1st period - Snap shot by Seth Griffith.
2:45 of 1st period - Shot Blocked by Aaron Ness.
3:03 of 1st period - Snap shot by Seth Griffith.
3:03 of 1st period - Stopped by Thomas Greiss without a rebound.
3:04 of 1st period - Matt Calvert wins face-off versus Tomas Hertl in Patriotes zone.
3:09 of 1st period - Wrist shot by Evgeny Kuznetsov.
3:09 of 1st period - Shot Blocked by Brett Ponich.
3:15 of 1st period - Wrist shot by Tomas Hertl.
3:15 of 1st period - Stopped by Thomas Greiss with a rebound.
3:17 of 1st period - Snap shot by Devante Smith-Pelly.
3:17 of 1st period - Stopped by Thomas Greiss without a rebound.
3:18 of 1st period - Christian Hanson wins face-off versus Maxime Sauvé in Patriotes zone.
4:35 of 1st period - Snap shot by Artturi Lehkonen.
4:35 of 1st period - Shot Blocked by David Kolomatis.
4:51 of 1st period - Wrist shot by Jason Zucker.
4:51 of 1st period - Shot Misses the Net.
4:53 of 1st period - Slapshot by Aaron Ness.
4:53 of 1st period - Shot Misses the Net.
4:55 of 1st period - Wrist shot by Christian Hanson.
4:55 of 1st period - Goal by Christian Hanson - Gangsters : 0 - Patriotes : 1.
4:56 of 1st period - Maxime Sauvé wins face-off versus Tyler Randell in neutral zone.
5:31 of 1st period - Wrist shot by Devante Smith-Pelly.
5:31 of 1st period - Stopped by Thomas Greiss with a rebound.
7:14 of 1st period - Snap shot by Aleksander Barkov.
7:14 of 1st period - Shot Blocked by Sebastian Collberg.
7:38 of 1st period - Slapshot by Aleksander Barkov.
7:38 of 1st period - Stopped by Dustin Tokarski with a rebound.
7:40 of 1st period - Slapshot by Justin Florek.
7:40 of 1st period - Shot Misses the Net.
7:42 of 1st period - Snap shot by Aleksander Barkov.
7:42 of 1st period - Stopped by Dustin Tokarski without a rebound.
7:43 of 1st period - Maxime Sauvé wins face-off versus Christian Hanson in Gangsters zone.
8:17 of 1st period - Snap shot by Matt Calvert.
8:17 of 1st period - Stopped by Dustin Tokarski with a rebound.
8:19 of 1st period - Slapshot by Dillon Heatherington.
8:19 of 1st period - Shot Blocked by Brett Ponich.
8:21 of 1st period - Snap shot by Dillon Heatherington.
8:21 of 1st period - Shot Blocked by Matt Delahey.
8:40 of 1st period - Off-side.
8:41 of 1st period - Maxime Sauvé wins face-off versus Christian Hanson in neutral zone.
9:02 of 1st period - Minor Penalty to Christian Hanson for Roughing.
9:03 of 1st period - Maxime Sauvé wins face-off versus Jason Zucker in Patriotes zone.
9:13 of 1st period - Wrist shot by Maxime Sauvé.
9:13 of 1st period - Goal by Maxime Sauvé - Gangsters : 1 - Patriotes : 1.
9:14 of 1st period - Christian Hanson wins face-off versus Richard Panik in neutral zone.
9:29 of 1st period - Wrist shot by Maxime Sauvé.
9:29 of 1st period - Shot Misses the Net.
10:24 of 1st period - Slapshot by Tyler Randell.
10:24 of 1st period - Stopped by Dustin Tokarski with a rebound.
11:06 of 1st period - Wrist shot by Seth Griffith.
11:06 of 1st period - Stopped by Thomas Greiss without a rebound.
11:07 of 1st period - Maxime Sauvé wins face-off versus Christian Hanson in Patriotes zone.
11:14 of 1st period - Wrist shot by Dave Dziurzynski.
11:14 of 1st period - Stopped by Thomas Greiss with a rebound.
11:16 of 1st period - Snap shot by Dave Dziurzynski.
11:16 of 1st period - Stopped by Thomas Greiss with a rebound.
11:18 of 1st period - Slapshot by Brett Ponich.
11:18 of 1st period - Deflect By Timothy Kunes.
11:18 of 1st period - Stopped by Thomas Greiss without a rebound.
11:19 of 1st period - Maxime Sauvé wins face-off versus Tyler Randell in Patriotes zone.
12:18 of 1st period - Snap shot by Stefan Noesen.
12:18 of 1st period - Deflect By Alexander Wennberg.
12:18 of 1st period - Stopped by Thomas Greiss with a rebound.
12:20 of 1st period - Wrist shot by Alexander Wennberg.
12:20 of 1st period - Deflect By Timothy Kunes.
12:20 of 1st period - Goal by Alexander Wennberg - Gangsters : 2 - Patriotes : 1.
12:21 of 1st period - Tyler Randell wins face-off versus Maxime Sauvé in neutral zone.
12:24 of 1st period - Matt Delahey is hit by Jason Zucker and loses puck.
12:37 of 1st period - Wrist shot by Christian Hanson.
12:37 of 1st period - Shot Blocked by Matt Delahey.
13:07 of 1st period - Stefan Noesen is hit by Dale Weise and loses puck.
13:16 of 1st period - Backhand shot by Shane Sims.
13:16 of 1st period - Stopped by Dustin Tokarski with a rebound.
13:52 of 1st period - Aleksander Barkov is hit by Tomas Hertl and loses puck.
14:59 of 1st period - Tyler Randell is hit by Brett Ponich and loses puck.
15:25 of 1st period - Ryan Culkin is hit by Evgeny Kuznetsov and loses puck.
15:42 of 1st period - Slapshot by Timothy Kunes.
15:42 of 1st period - Deflect By Ryan Culkin.
15:42 of 1st period - Stopped by Dustin Tokarski without a rebound.
15:43 of 1st period - Maxime Sauvé wins face-off versus Jared Knight in Gangsters zone.
15:47 of 1st period - Off-side.
15:48 of 1st period - Maxime Sauvé wins face-off versus Christian Hanson in neutral zone.
16:16 of 1st period - Wrist shot by Justin Florek.
16:16 of 1st period - Shot Misses the Net.
16:18 of 1st period - Slapshot by Timothy Kunes.
16:18 of 1st period - Stopped by Dustin Tokarski with a rebound.
16:24 of 1st period - Slapshot by Shane Sims.
16:24 of 1st period - Shot Blocked by Brett Ponich.
16:26 of 1st period - Slapshot by Timothy Kunes.
16:26 of 1st period - Stopped by Dustin Tokarski with a rebound.
16:40 of 1st period - Wrist shot by Matt Calvert.
16:40 of 1st period - Shot Misses the Net.
16:42 of 1st period - Snap shot by Evgeny Kuznetsov.
16:42 of 1st period - Shot Blocked by Matt Delahey.
16:44 of 1st period - Slapshot by Aaron Ness.
16:44 of 1st period - Stopped by Dustin Tokarski without a rebound.
16:45 of 1st period - Alexander Wennberg wins face-off versus Christian Hanson in Gangsters zone.
16:53 of 1st period - Off-side.
16:54 of 1st period - Christian Hanson wins face-off versus Alexander Wennberg in neutral zone.
17:21 of 1st period - Slapshot by Jason Zucker.
17:21 of 1st period - Goal by Jason Zucker - Gangsters : 2 - Patriotes : 2.
17:22 of 1st period - Maxime Sauvé wins face-off versus Evgeny Kuznetsov in neutral zone.
17:36 of 1st period - Brett Ponich is hit by Emerson Etem and loses puck.
17:47 of 1st period - Tyler Randell is hit by Devante Smith-Pelly and loses puck.
17:52 of 1st period - Snap shot by Devante Smith-Pelly.
17:52 of 1st period - Shot Misses the Net.
17:54 of 1st period - Wrist shot by Tomas Hertl.
17:54 of 1st period - Shot Blocked by Christian Hanson.
18:08 of 1st period - Wrist shot by Aleksander Barkov.
18:08 of 1st period - Shot Misses the Net.
18:10 of 1st period - Slapshot by Timothy Kunes.
18:10 of 1st period - Shot Misses the Net.
19:03 of 1st period - Wrist shot by Evgeny Kuznetsov.
19:03 of 1st period - Stopped by Dustin Tokarski with a rebound.
19:24 of 1st period - Slapshot by Devante Smith-Pelly.
19:24 of 1st period - Shot Blocked by Christian Hanson.
Goals for this period are 2 for Gangsters vs 2 for Patriotes.
Shots for this period are 13 for Gangsters vs 17 for Patriotes.
2nd period
0:01 of 2nd period - Maxime Sauvé wins face-off versus Christian Hanson in neutral zone.
0:16 of 2nd period - Snap shot by Jason Zucker.
0:16 of 2nd period - Deflect By Tyler Randell.
0:16 of 2nd period - Shot Blocked by Dave Dziurzynski.
0:16 of 2nd period - Puck is out of play.
0:17 of 2nd period - Evgeny Kuznetsov wins face-off versus Tomas Hertl in Gangsters zone.
0:22 of 2nd period - Slapshot by Evgeny Kuznetsov.
0:22 of 2nd period - Shot Blocked by Matt Delahey.
0:42 of 2nd period - Richard Panik is hit by Christian Hanson.
0:46 of 2nd period - Backhand shot by Maxime Sauvé.
0:46 of 2nd period - Goal by Maxime Sauvé - Gangsters : 3 - Patriotes : 2.
0:47 of 2nd period - Maxime Sauvé wins face-off versus Christian Hanson in neutral zone.
1:03 of 2nd period - Off-side.
1:04 of 2nd period - Emerson Etem wins face-off versus Tomas Hertl in neutral zone.
1:51 of 2nd period - Off-side.
1:52 of 2nd period - Aleksander Barkov wins face-off versus Alexander Wennberg in neutral zone.
2:14 of 2nd period - Icing by Jonas Brodin.
2:15 of 2nd period - Stefan Noesen wins face-off versus Christian Hanson in Gangsters zone.
3:06 of 2nd period - Off-side.
3:07 of 2nd period - Jared Knight wins face-off versus Alexander Wennberg in neutral zone.
3:12 of 2nd period - Slapshot by Timothy Kunes.
3:12 of 2nd period - Shot Misses the Net.
4:34 of 2nd period - Minor Penalty to Alexander Wennberg for Interference.
4:35 of 2nd period - Christian Hanson wins face-off versus Maxime Sauvé in Gangsters zone.
5:00 of 2nd period - Icing by Matt Calvert.
5:01 of 2nd period - Evgeny Kuznetsov wins face-off versus Richard Panik in Patriotes zone.
5:31 of 2nd period - Off-side.
5:32 of 2nd period - Tomas Hertl wins face-off versus Christian Hanson in neutral zone.
5:42 of 2nd period - Wrist shot by Aaron Ness.
5:42 of 2nd period - Shot Blocked by Dave Dziurzynski.
5:44 of 2nd period - Slapshot by Aaron Ness.
5:44 of 2nd period - Shot Blocked by Tomas Hertl.
5:46 of 2nd period - Slapshot by David Kolomatis.
5:46 of 2nd period - Shot Blocked by Matt Delahey.
5:48 of 2nd period - Slapshot by Aaron Ness.
5:48 of 2nd period - Shot Blocked by Tomas Hertl.
6:34 of 2nd period - Penalty to Alexander Wennberg is over, Alexander Wennberg is back on ice.
7:29 of 2nd period - Tyler Randell is hit by Steven Santini and loses puck.
8:09 of 2nd period - Snap shot by Stefan Noesen.
8:09 of 2nd period - Stopped by Thomas Greiss without a rebound.
8:10 of 2nd period - Alexander Wennberg wins face-off versus Christian Hanson in Patriotes zone.
8:13 of 2nd period - Slapshot by Stefan Noesen.
8:13 of 2nd period - Deflect By Alexander Wennberg.
8:13 of 2nd period - Shot Misses the Net.
8:13 of 2nd period - Puck is out of play.
8:14 of 2nd period - Christian Hanson wins face-off versus Maxime Sauvé in Patriotes zone.
8:27 of 2nd period - Wrist shot by Christian Hanson.
8:27 of 2nd period - Shot Blocked by Brett Ponich.
8:29 of 2nd period - Wrist shot by Tyler Randell.
8:29 of 2nd period - Shot Hit the Post.
8:56 of 2nd period - Aaron Ness is hit by Richard Panik.
9:14 of 2nd period - Slapshot by Devante Smith-Pelly.
9:14 of 2nd period - Stopped by Thomas Greiss with a rebound.
9:16 of 2nd period - Slapshot by Tomas Hertl.
9:16 of 2nd period - Shot Blocked by Timothy Kunes.
9:18 of 2nd period - Wrist shot by David Pope.
9:18 of 2nd period - Shot Misses the Net.
9:31 of 2nd period - Off-side.
9:32 of 2nd period - Alexander Wennberg wins face-off versus Christian Hanson in neutral zone.
9:39 of 2nd period - Backhand shot by Alexander Wennberg.
9:39 of 2nd period - Stopped by Thomas Greiss without a rebound.
9:40 of 2nd period - Christian Hanson wins face-off versus Tomas Hertl in Patriotes zone.
10:05 of 2nd period - Evgeny Kuznetsov is hit by Richard Panik and loses puck.
11:06 of 2nd period - Shane Sims is hit by Tomas Hertl and loses puck.
11:23 of 2nd period - Steven Santini is hit by Matt Calvert and loses puck.
12:27 of 2nd period - Slapshot by Jared Knight.
12:27 of 2nd period - Shot Misses the Net.
12:31 of 2nd period - Slapshot by Aaron Ness.
12:31 of 2nd period - Stopped by Dustin Tokarski without a rebound.
12:32 of 2nd period - Jared Knight wins face-off versus Maxime Sauvé in Gangsters zone.
12:38 of 2nd period - Off-side.
12:39 of 2nd period - Dave Dziurzynski wins face-off versus Christian Hanson in neutral zone.
12:44 of 2nd period - Snap shot by Richard Panik.
12:44 of 2nd period - Shot Blocked by Christian Hanson.
12:54 of 2nd period - Wrist shot by Richard Panik.
12:54 of 2nd period - Shot Blocked by Tyler Randell.
13:24 of 2nd period - Wrist shot by Aaron Ness.
13:24 of 2nd period - Stopped by Dustin Tokarski with a rebound.
13:26 of 2nd period - Slapshot by Aaron Ness.
13:26 of 2nd period - Stopped by Dustin Tokarski with a rebound.
13:44 of 2nd period - Seth Griffith is hit by Austin Watson and loses puck.
13:55 of 2nd period - Slapshot by Aaron Ness.
13:55 of 2nd period - Stopped by Dustin Tokarski with a rebound.
14:11 of 2nd period - Wrist shot by Tyler Randell.
14:11 of 2nd period - Shot Misses the Net.
14:13 of 2nd period - Slapshot by Shane Sims.
14:13 of 2nd period - Stopped by Dustin Tokarski with a rebound.
14:15 of 2nd period - Wrist shot by Shane Sims.
14:15 of 2nd period - Deflect By Matt Delahey.
14:15 of 2nd period - Stopped by Dustin Tokarski without a rebound.
14:16 of 2nd period - Tomas Hertl wins face-off versus Evgeny Kuznetsov in Gangsters zone.
14:41 of 2nd period - Shane Sims is hit by Dave Dziurzynski and loses puck.
14:48 of 2nd period - Snap shot by Maxime Sauvé.
14:48 of 2nd period - Stopped by Thomas Greiss without a rebound.
14:49 of 2nd period - Maxime Sauvé wins face-off versus Evgeny Kuznetsov in Patriotes zone.
14:52 of 2nd period - Snap shot by Richard Panik.
14:52 of 2nd period - Shot Hit the Post.
16:06 of 2nd period - Sebastian Collberg is hit by Dale Weise and loses puck.
16:15 of 2nd period - Dillon Heatherington is hit by Sebastian Collberg and loses puck.
16:42 of 2nd period - Wrist shot by Jason Zucker.
16:42 of 2nd period - Stopped by Dustin Tokarski with a rebound.
16:52 of 2nd period - Wrist shot by Evgeny Kuznetsov.
16:52 of 2nd period - Shot Misses the Net.
16:54 of 2nd period - Slapshot by Emerson Etem.
16:54 of 2nd period - Shot Blocked by Richard Panik.
18:36 of 2nd period - Snap shot by Jason Zucker.
18:36 of 2nd period - Shot Misses the Net.
18:50 of 2nd period - Maxime Sauvé is hit by Justin Florek and loses puck.
19:20 of 2nd period - Ryan Culkin is hit by Dale Weise and loses puck.
19:31 of 2nd period - Shane Sims is hit by Phillip Danault and loses puck.
19:42 of 2nd period - Snap shot by Stefan Noesen.
19:42 of 2nd period - Shot Blocked by Matt Calvert.
19:44 of 2nd period - Snap shot by Alexander Wennberg.
19:44 of 2nd period - Stopped by Thomas Greiss with a rebound.
Goals for this period are 1 for Gangsters vs 0 for Patriotes.
Shots for this period are 6 for Gangsters vs 7 for Patriotes.
3rd period
0:01 of 3rd period - Christian Hanson wins face-off versus Maxime Sauvé in neutral zone.
0:10 of 3rd period - Christian Hanson is hit by Maxime Sauvé.
0:14 of 3rd period - Wrist shot by Richard Panik.
0:14 of 3rd period - Stopped by Thomas Greiss without a rebound.
0:15 of 3rd period - Tomas Hertl wins face-off versus Evgeny Kuznetsov in Patriotes zone.
0:16 of 3rd period - Slapshot by Devante Smith-Pelly.
0:16 of 3rd period - Shot Misses the Net.
1:29 of 3rd period - Wrist shot by Borna Rendulic.
1:29 of 3rd period - Stopped by Dustin Tokarski with a rebound.
1:31 of 3rd period - Slapshot by David Kolomatis.
1:31 of 3rd period - Shot Blocked by Sebastian Collberg.
1:46 of 3rd period - Off-side.
1:47 of 3rd period - Tomas Hertl wins face-off versus Jared Knight in neutral zone.
1:56 of 3rd period - Wrist shot by Devante Smith-Pelly.
1:56 of 3rd period - Stopped by Thomas Greiss with a rebound.
2:53 of 3rd period - Alexander Wennberg is hit by Shane Sims.
2:57 of 3rd period - Slapshot by Aleksander Barkov.
2:57 of 3rd period - Shot Misses the Net.
3:22 of 3rd period - Slapshot by Alexander Wennberg.
3:22 of 3rd period - Shot Blocked by Jared Knight.
3:24 of 3rd period - Slapshot by Phillip Danault.
3:24 of 3rd period - Shot Misses the Net.
3:26 of 3rd period - Wrist shot by Phillip Danault.
3:26 of 3rd period - Shot Misses the Net.
3:28 of 3rd period - Wrist shot by Alexander Wennberg.
3:28 of 3rd period - Shot Misses the Net.
3:30 of 3rd period - Slapshot by Steven Santini.
3:30 of 3rd period - Stopped by Thomas Greiss without a rebound.
3:31 of 3rd period - Maxime Sauvé wins face-off versus Christian Hanson in Patriotes zone.
3:35 of 3rd period - Penalty Shot by Timothy Kunes for Patriotes.
3:35 of 3rd period - Wrist shot by Timothy Kunes.
3:35 of 3rd period - Stopped by Dustin Tokarski.
3:36 of 3rd period - Maxime Sauvé wins face-off versus Christian Hanson in Patriotes zone.
3:36 of 3rd period - Snap shot by Richard Panik.
3:36 of 3rd period - Shot Blocked by Timothy Kunes.
4:11 of 3rd period - Wrist shot by Devante Smith-Pelly.
4:11 of 3rd period - Stopped by Thomas Greiss with a rebound.
5:00 of 3rd period - Brett Ponich is hit by Tyler Randell and loses puck.
5:13 of 3rd period - Evgeny Kuznetsov is hit by Brett Ponich and loses puck.
5:43 of 3rd period - Wrist shot by Jared Knight.
5:43 of 3rd period - Shot Blocked by Brett Ponich.
6:10 of 3rd period - Minor Penalty to Matt Delahey for Delaying the game.
6:11 of 3rd period - Christian Hanson wins face-off versus Maxime Sauvé in Gangsters zone.
6:44 of 3rd period - Snap shot by Evgeny Kuznetsov.
6:44 of 3rd period - Shot Misses the Net.
7:36 of 3rd period - Ryan Culkin is hit by Shane Sims and loses puck.
8:10 of 3rd period - Penalty to Matt Delahey is over, Matt Delahey is back on ice.
8:40 of 3rd period - Stefan Noesen is hit by Justin Florek.
8:44 of 3rd period - Brett Ponich is hit by Aaron Ness and loses puck.
8:59 of 3rd period - Stefan Noesen is hit by Shane Sims and loses puck.
9:32 of 3rd period - Shane Sims is hit by Alexander Wennberg and loses puck.
9:47 of 3rd period - Austin Watson is hit by Stefan Noesen and loses puck.
10:33 of 3rd period - Slapshot by Shane Sims.
10:33 of 3rd period - Shot Blocked by Alexander Wennberg.
10:35 of 3rd period - Wrist shot by Timothy Kunes.
10:35 of 3rd period - Deflect By Dale Weise.
10:35 of 3rd period - Shot Misses the Net.
10:35 of 3rd period - Puck is out of play.
10:36 of 3rd period - Tyler Randell wins face-off versus Maxime Sauvé in Gangsters zone.
10:45 of 3rd period - Slapshot by Jason Zucker.
10:45 of 3rd period - Deflect By Christian Hanson.
10:45 of 3rd period - Stopped by Dustin Tokarski without a rebound.
10:46 of 3rd period - Christian Hanson wins face-off versus Maxime Sauvé in Gangsters zone.
11:01 of 3rd period - Snap shot by Maxime Sauvé.
11:01 of 3rd period - Stopped by Thomas Greiss without a rebound.
11:02 of 3rd period - Evgeny Kuznetsov wins face-off versus Tomas Hertl in Patriotes zone.
12:10 of 3rd period - Dillon Heatherington is hit by Tomas Hertl.
12:34 of 3rd period - Wrist shot by Christian Hanson.
12:34 of 3rd period - Stopped by Dustin Tokarski without a rebound.
12:35 of 3rd period - Tomas Hertl wins face-off versus Aleksander Barkov in Gangsters zone.
13:02 of 3rd period - Christian Hanson is hit by Dave Dziurzynski and loses puck.
13:11 of 3rd period - Snap shot by Richard Panik.
13:11 of 3rd period - Stopped by Thomas Greiss without a rebound.
13:12 of 3rd period - Evgeny Kuznetsov wins face-off versus Maxime Sauvé in Patriotes zone.
13:24 of 3rd period - Off-side.
13:25 of 3rd period - Christian Hanson wins face-off versus Maxime Sauvé in neutral zone.
14:02 of 3rd period - Snap shot by Devante Smith-Pelly.
14:02 of 3rd period - Stopped by Thomas Greiss with a rebound.
14:04 of 3rd period - Slapshot by Brett Ponich.
14:04 of 3rd period - Stopped by Thomas Greiss with a rebound.
14:11 of 3rd period - Icing by Evgeny Kuznetsov.
14:12 of 3rd period - Evgeny Kuznetsov wins face-off versus Alexander Wennberg in Patriotes zone.
14:12 of 3rd period - Evgeny Kuznetsov is hit by Derrick Pouliot.
14:13 of 3rd period - Evgeny Kuznetsov from Patriotes is injured at 14:13 of 3rd period (Groin).
14:14 of 3rd period - Maxime Sauvé wins face-off versus Christian Hanson in Patriotes zone.
14:39 of 3rd period - Devante Smith-Pelly is hit by Emerson Etem and loses puck.
15:06 of 3rd period - Backhand shot by Alexander Wennberg.
15:06 of 3rd period - Shot Blocked by David Kolomatis.
15:06 of 3rd period - David Kolomatis from Patriotes is injured at 15:06 of 3rd period (Broken Right Thumb).
15:07 of 3rd period - Maxime Sauvé wins face-off versus Jason Zucker in Patriotes zone.
15:12 of 3rd period - Wrist shot by Maxime Sauvé.
15:12 of 3rd period - Goal by Maxime Sauvé - Gangsters : 4 - Patriotes : 2.
15:13 of 3rd period - Maxime Sauvé wins face-off versus Christian Hanson in neutral zone.
15:16 of 3rd period - Snap shot by Maxime Sauvé.
15:16 of 3rd period - Stopped by Thomas Greiss without a rebound.
15:17 of 3rd period - Christian Hanson wins face-off versus Maxime Sauvé in Patriotes zone.
15:32 of 3rd period - Wrist shot by Maxime Sauvé.
15:32 of 3rd period - Stopped by Thomas Greiss without a rebound.
15:33 of 3rd period - Ryan Fitzgerald wins face-off versus Tomas Hertl in Patriotes zone.
15:33 of 3rd period - Ryan Fitzgerald is hit by Matt Delahey.
15:41 of 3rd period - Wrist shot by Tomas Hertl.
15:41 of 3rd period - Stopped by Thomas Greiss with a rebound.
15:46 of 3rd period - Icing by Shane Sims.
15:47 of 3rd period - Ryan Fitzgerald wins face-off versus Maxime Sauvé in Patriotes zone.
15:47 of 3rd period - Ryan Fitzgerald is hit by Brett Ponich.
16:10 of 3rd period - Slapshot by Matt Calvert.
16:10 of 3rd period - Shot Misses the Net.
16:34 of 3rd period - Slapshot by Jason Zucker.
16:34 of 3rd period - Shot Misses the Net.
16:36 of 3rd period - Wrist shot by Jason Zucker.
16:36 of 3rd period - Stopped by Dustin Tokarski with a rebound.
17:04 of 3rd period - Slapshot by Jonas Brodin.
17:04 of 3rd period - Shot Misses the Net.
17:06 of 3rd period - Slapshot by Derrick Pouliot.
17:06 of 3rd period - Shot Blocked by Aaron Ness.
17:08 of 3rd period - Snap shot by Alexander Wennberg.
17:08 of 3rd period - Shot Blocked by Aaron Ness.
17:20 of 3rd period - Snap shot by Borna Rendulic.
17:20 of 3rd period - Stopped by Dustin Tokarski without a rebound.
17:21 of 3rd period - Aleksander Barkov wins face-off versus Maxime Sauvé in Gangsters zone.
17:33 of 3rd period - Ryan Culkin is hit by Borna Rendulic.
17:43 of 3rd period - Minor Penalty to Justin Florek for Cross-checking.
17:44 of 3rd period - Jason Zucker wins face-off versus Maxime Sauvé in Patriotes zone.
18:18 of 3rd period - Jason Zucker is hit by Devante Smith-Pelly.
18:54 of 3rd period - Wrist shot by Austin Watson.
18:54 of 3rd period - Stopped by Dustin Tokarski without a rebound.
18:55 of 3rd period - Tomas Hertl wins face-off versus Jason Zucker in Gangsters zone.
19:43 of 3rd period - Penalty to Justin Florek is over, Justin Florek is back on ice.
Goals for this period are 1 for Gangsters vs 0 for Patriotes.
Shots for this period are 12 for Gangsters vs 6 for Patriotes.
Back to the Top